cohdb
Replays
Latest Replays
All Replays
Popular Replays
Top Player Replays
Match Explorer
How It Works
Community
CoH3 Stats
Reddit
Sign in to upload your games and track your stats! →
Sign in with Steam
Match 41513582
Unlisted
Match 41513582
Overview
Messages
Build Orders
End
Royal Engineer Section
Construct Section Command Post
Selects Canadian Shock Battlegroup
Dingo Light Scout Car
Infantry Section
Infantry Section
Selects Offensive Resupply
Selects Canadian Shock Section
Grenade Package
Canadian Shock Section
Construct Platoon Command Post
Selects Incendiary Munitions
Humber Armored Car
Unlock M3 Stuart Light Tanks
Selects Pyrotechnics
M3 Stuart Light Tank
Cpl.Mackinnon
PaBsT*Patriot KO
カルト_くん
dobRi3000
0
0
Comments
sign in to comment!
No comments posted yet!